Map: Dusk Towers

Players

Elazer

  • Race: Zerg Zerg
  • League: Grandmaster

Zanster - Winner!

  • Race: Zerg Zerg

Event: 2016 WCS Winter Challenger Europe

VOD

Have the link to the VOD?

Description

Time

  • Played on: Feb. 13, 2016, 11:44 a.m.
  • Length: 11:11

All games in this series

Show
View Real Time Build Order
Export as new Build Order

Elazer Zerg 

Build Orders: Hatch First 

Get SALT Encoding   

  12  0:00  Drone  
  13  0:12  Overlord  
  13  0:17  Drone  
  14  0:30  Drone x2  
  14  0:34  Drone  
  17  0:52  Hatchery  
  17  0:54  Drone  
  17  1:07  Spawning Pool  
  17  1:10  Drone  
  17  1:13  Drone  
  17  1:16  Drone  
  19  1:28  Drone  
  20  1:54  Queen  
  20  1:59  Overlord  
  22  2:04  Spine Crawler, Queen  
  22  2:06  Zergling x6  
  26  2:14  Drone x2  
  28  2:21  Drone  
  29  2:31  Drone  
  29  2:32  Queen  
  29  2:36  Overlord  
  32  2:39  Drone, Queen  
  32  2:41  Extractor  
  32  2:43  Drone, Extractor  
  34  2:47  Drone  
  35  2:56  Drone  
  36  2:59  Overlord  
  36  3:04  Drone x2  
  38  3:06  Drone  
  38  3:07  Drone  
  40  3:22  Hatchery  
  41  3:29  Drone  
  41  3:33  Drone  
  42  3:34  Drone  
  42  3:36  Drone  
  42  3:38  Drone  
  45  3:44  Evolution Chamber  
  45  3:46  Evolution Chamber  
  43  3:49  Drone x4  
  43  3:53  Drone x2  
  47  3:56  Drone  
  48  4:05  Overlord  
  48  4:07  Drone  
  49  4:10  Zerg Melee Weapons Level 1  
  49  4:14  Zerg Ground Armor Level 1  
  49  4:15  Metabolic Boost  
  49  4:19  Drone  
  49  4:20  Drone  
  49  4:21  Drone  
  52  4:32  Overlord  
  52  4:33  Drone  
  52  4:34  Drone  
  52  4:38  Extractor x2  
  51  4:39  Drone x5  
  56  4:47  Drone  
  56  4:48  Lair  
  56  4:50  Spine Crawler  
  56  4:52  Spine Crawler  
  55  4:53  Spine Crawler  
  55  5:00  Zergling x10  
  55  5:05  Zergling x6  
  62  5:09  Zergling x2  
  62  5:10  Zergling x4  
  65  5:15  Drone  
  66  5:24  Overlord  
  66  5:26  Zergling x2  
  66  5:27  Zergling x4  
  66  5:28  Zergling x10  
  74  5:30  Overlord  
  74  5:44  Overlord  
  74  5:45  Drone  
  74  5:48  Spire  
  74  5:49  Extractor  
  73  5:50  Drone x3  
  73  5:51  Drone x2, Extractor  
  73  5:52  Drone  
  78  6:01  Overlord  
  78  6:05  Zergling x2  
  78  6:06  Zergling x12  
  85  6:15  Zergling x6  
  89  6:18  Zergling x4  
  89  6:19  Zergling x2  
  89  6:20  Zergling x2  
  92  6:32  Overlord x2  
  87  6:43  Zergling x16  
  87  6:46  Overseer  
  82  7:00  Mutalisk x7  
  86  7:03  Mutalisk  
  79  7:12  Mutalisk x3  
  78  7:16  Mutalisk  
  77  7:25  Mutalisk  
  77  7:26  Mutalisk x2  
  81  7:31  Mutalisk  
  83  7:42  Zergling x4  
  83  7:43  Zergling x6  
  86  7:49  Zergling x6  
  80  7:56  Zergling x2  
  80  7:57  Zergling x2  
  74  8:07  Zergling x8  
  74  8:12  Zergling x4  
  67  8:30  Mutalisk  
  66  8:38  Mutalisk x2  
  69  8:45  Mutalisk  
  71  8:52  Mutalisk  
  73  9:04  Zergling x2  
  73  9:05  Zergling x8  
  78  9:16  Spire  
  77  9:25  Zergling x8  
  81  9:44  Queen x2  
  81  9:45  Zergling x4  
  87  9:53  Zergling x2  
  87  9:54  Zergling x6  
  91  10:02  Zergling x4  
  91  10:14  Zergling x4  
  93  10:32  Mutalisk x3  
  98  10:39  Mutalisk  
  97  10:43  Mutalisk  
  97  10:45  Mutalisk  
Show
View Real Time Build Order
Export as new Build Order

Zanster Zerg - Winner!

Build Orders: Pool First 

Get SALT Encoding   

  12  0:01  Drone  
  13  0:12  Overlord  
  13  0:18  Drone  
  14  0:31  Drone  
  14  0:32  Drone  
  14  0:35  Drone  
  17  0:45  Spawning Pool  
  17  0:47  Drone  
  17  0:55  Drone  
  18  1:11  Hatchery  
  18  1:13  Drone  
  18  1:17  Drone  
  19  1:23  Extractor  
  18  1:32  Queen  
  20  1:33  Zergling x2  
  21  1:43  Roach Warren  
  21  1:44  Drone  
  21  1:52  Overlord  
  21  2:03  Drone  
  22  2:09  Queen  
  24  2:24  Drone x2  
  24  2:25  Drone  
  27  2:32  Drone  
  27  2:34  Drone  
  29  2:40  Drone  
  29  2:42  Overlord  
  30  2:47  Overlord  
  30  2:48  Drone  
  30  2:49  Drone  
  31  2:53  Queen  
  31  2:56  Drone  
  34  3:01  Overlord  
  34  3:07  Drone  
  34  3:09  Drone  
  36  3:14  Drone x3  
  36  3:18  Zergling x2  
  40  3:20  Drone  
  40  3:21  Drone  
  40  3:24  Overlord  
  40  3:26  Drone  
  43  3:32  Lair  
  43  3:33  Drone  
  44  3:41  Drone x2  
  44  3:42  Drone, Evolution Chamber  
  44  3:44  Drone, Extractor x2  
  44  3:46  Drone  
  46  3:48  Drone  
  46  3:51  Drone x2  
  46  3:55  Drone  
  50  4:05  Hatchery, Drone  
  50  4:09  Overlord  
  50  4:11  Overlord  
  50  4:17  Zerg Missile Weapons Level 1  
  50  4:19  Drone x2  
  50  4:23  Extractor  
  51  4:25  Drone  
  51  4:26  Overlord x2  
  51  4:30  Drone  
  51  4:31  Drone  
  54  4:33  Glial Reconstitution  
  54  4:38  Roach x2  
  57  4:41  Roach  
  59  4:46  Roach  
  59  4:49  Roach  
  63  4:54  Roach  
  63  4:55  Roach x3  
  63  4:58  Burrow  
  71  5:05  Drone x4  
  75  5:07  Overseer  
  75  5:13  Overlord  
  75  5:16  Roach  
  75  5:17  Roach  
  79  5:21  Roach  
  79  5:22  Roach  
  79  5:23  Roach  
  79  5:27  Roach x2  
  89  5:30  Overlord  
  89  5:32  Overlord, Drone  
  90  5:39  Roach x3  
  90  5:40  Roach  
  98  5:48  Overlord  
  98  5:50  Roach  
  98  5:51  Tunneling Claws, Roach  
  102  5:57  Roach  
  102  5:58  Roach x2  
  102  6:01  Roach  
  102  6:02  Roach  
  112  6:07  Roach  
  112  6:08  Roach x2  
  118  6:16  Roach  
  118  6:17  Roach  
  122  6:18  Overlord  
  122  6:20  Overlord  
  122  6:26  Roach x21  
  122  6:30  Overlord  
  122  6:37  Drone x2  
  122  6:38  Roach  
  120  6:40  Roach  
  120  6:41  Roach x8  
  120  6:47  Roach x3  
  138  6:48  Overlord  
  138  6:59  Roach  
  138  7:00  Drone, Roach x4  
  136  7:07  Roach  
  136  7:08  Roach x5  
  138  7:11  Roach x11  
  138  7:15  Spore Crawler  
  128  7:18  Roach x4  
  132  7:25  Roach x5  
  132  7:26  Roach x7  
  132  7:31  Roach x6  
  140  7:45  Overlord  
  140  7:46  Overlord  
  140  7:47  Queen x2  
  140  7:48  Queen  
  144  7:55  Zerg Ground Armor Level 1  
  144  7:57  Roach x2  
  138  8:03  Spore Crawler  
  138  8:04  Spore Crawler x2  
  127  8:12  Roach  
  131  8:13  Roach x5  
  117  8:27  Roach  
  117  8:28  Roach x5  
  117  8:31  Queen  
  119  8:43  Queen  
  119  8:44  Nydus Network  
  116  9:04  Queen  
  116  9:07  Queen  
  116  9:09  Drone x2  
  122  9:10  Extractor  
  122  9:14  Roach  
  122  9:15  Roach x6  
  135  9:19  Queen  
  137  9:25  Nydus Canal  
  137  9:30  Drone  
  137  9:31  Drone  
  139  9:32  Drone x4, Hydralisk Den  
  142  9:43  Queen x2  
  146  9:55  Overlord x2  
  146  9:59  Spore Crawler  
  145  10:08  Overlord  
  145  10:12  Queen  
  147  10:20  Roach x9  
  147  10:21  Hydralisk x7  
  147  10:24  Overlord  
  161  10:32  Roach  
  161  10:33  Overlord, Roach x29  
  161  10:41  Hydralisk x7  
Tags
 
Add a new tag
Caveats
  • Supply blocks, unpowered buildings, or Contaminate may cause inaccurate times.
  • Supply counts are checked every 10 seconds.